 Dungeon Crawl Stone Soup version 0.29.0-11-gd7f09526c8 (webtiles) character file.

Game seed: 9996106714420946712

93 Anamonty the Sneak (level 4, 0/30 HPs)
             Began as a Vampire Enchanter on Sept 3, 2022.
             Succumbed to an adder's poison
             ... on level 3 of the Dungeon.
             The game lasted 00:02:41 (2119 turns).

Anamonty the Sneak (Vampire Enchanter)              Turns: 2119, Time: 00:02:42

Health: 0/30       AC:  2    Str:  7    XL:     4   Next: 36%
Magic:  3/7        EV: 12    Int: 19    God:
Gold:   98         SH:  0    Dex: 14    Spells: 2/7 levels left

rFire   . . .      SeeInvis +   a - +1 dagger
rCold   . . .      Faith    .   (no shield)
rNeg    . . .      Spirit   .   b - +0 robe
rPois   .          Reflect  .   (no helmet)
rElec   .          Harm     .   (no cloak)
rCorr   .          Rampage  .   (no gloves)
Will    .....                   (no boots)
Stlth   +++.......              (no amulet)
HPRegen 0.30/turn               (no ring)
MPRegen 0.10/turn               (no ring)

@: lethally poisoned (0 -> -3), attractive, very slightly contaminated, healing
quickly, invisible
A: alive, fangs 3, see invisible, vampiric 2
a: Exsanguinate


You were on level 3 of the Dungeon.
You visited 1 branch of the dungeon, and saw 3 of its levels.

You collected 98 gold pieces.

Inventory:

Hand Weapons
 a - a +1 dagger (weapon)
Armour
 b - a +0 robe (worn)
Wands
 o - a wand of iceblast (5)
Scrolls
 d - a scroll of magic mapping {unknown}
 f - a scroll of butterflies {unknown}
 h - 2 scrolls of identify {unknown}
 j - a scroll of vulnerability {unknown}
 l - a scroll of noise {unknown}
 m - a scroll of enchant armour {unknown}
 n - a scroll of amnesia {unknown}
Potions
 c - a potion of invisibility
 g - a potion of curing {unknown}
 i - a potion of heal wounds {unknown}
 k - a potion of haste {unknown}


   Skills:
 + Level 2.1 Short Blades
 + Level 2.8 Dodging
 * Level 5.6 Stealth
 + Level 2.4 Spellcasting
 * Level 5.3 Hexes


You had 2 spell levels left.
You knew the following spells:

 Your Spells              Type           Power      Damage    Failure   Level
a - Ensorcelled Hibernat  Hex/Ice        24%        N/A       9%          2
b - Confusing Touch       Hex            22%        N/A       5%          3

Your spell library contained the following spells:

 Spells                   Type           Power      Damage    Failure   Level
 Tukima's Dance           Hex            22%        N/A       5%          3
 Dazzling Flash           Conj/Hex       24%        N/A       16%         3


Dungeon Overview and Level Annotations

Branches:
Dungeon (3/15)

Altars:


Innate Abilities, Weirdness & Mutations

Your natural rate of healing is accelerated.
You have razor-sharp teeth.
You have supernaturally acute eyesight. (SInv)
You are afflicted with vampirism and can become a bat while bloodless.


Message History

The adder hisses angrily.
You hit the adder but do no damage. Your bite misses the adder.
The adder is moderately wounded.
The adder closely misses you.
You hit the adder.
The adder is heavily wounded.
The adder misses you.
You closely miss the adder.
The adder is heavily wounded.
The adder bites you.
* * * LOW HITPOINT WARNING * * *
You are poisoned.
The adder poisons you! The adder barely misses you.
You hit the adder but do no damage.
The adder is heavily wounded.
You feel sick. The adder closely misses you.
You miss the adder.
The adder is heavily wounded.
You feel sick. The adder barely misses you.
Unknown command.
You barely miss the adder.
The adder is heavily wounded.
You feel sick. The adder barely misses you.
You barely miss the adder.
The adder is heavily wounded.
You feel sick. The adder bites you.
* * * LOW HITPOINT WARNING * * *
You are lethally poisoned!
The adder poisons you!
You closely miss the adder.
The adder is heavily wounded.
* * * LOW HITPOINT WARNING * * *
You feel sick. The adder closely misses you.
You closely miss the adder.
The adder is heavily wounded.
* * * LOW HITPOINT WARNING * * *
You feel sick. The adder closely misses you. x2
It was a potion of attraction.
You feel attractive to monsters.
You die...

..........#....#.######..#
##.####.#.#.#............#
#.#.#....#.#...##..#
#[#.#...........#..######
#.#.#..#.#.##....<.......
####.#.#.#.............#####
........................#
#####.#.#.####S#..##....#
...........@.#..........
##..#.#.#######.####...#.
...##.... .. .... . #...
###.. .###. #.. #### #.


You could see an adder (unable to see you).

Vanquished Creatures
  Jessica (D:2)
  An adder (D:3)
  A worm (D:2)
  4 dart slugs
  6 ball pythons
  5 endoplasms
  4 giant cockroaches
  6 hobgoblins
  2 kobolds (D:1)
  A quokka (D:1)
  5 bats (D:2)
  4 goblins
  4 rats
44 creatures vanquished.

Notes
Turn   | Place    | Note
-------+----------+-------------------------------------------
     0 | D:1      | Anamonty the Vampire Enchanter began the quest for the Orb.
     0 | D:1      | Reached XP level 1. HP: 13/13 MP: 3/3
   150 | D:1      | Reached XP level 2. HP: 19/19 MP: 5/5
   223 | D:1      | Learned a level 2 spell: Ensorcelled Hibernation
   512 | D:1      | Found a faded altar of an unknown god.
   687 | D:1      | Reached skill level 5 in Stealth
   867 | D:1      | Reached skill level 5 in Hexes
  1078 | D:2      | Noticed Jessica
  1084 | D:2      | Killed Jessica
  1085 | D:2      | Gained mutation: You are afflicted with vampirism and can
                  | become a bat while bloodless. [Vampire growth]
  1085 | D:2      | Reached XP level 3. HP: 24/24 MP: 6/6
  1232 | D:2      | Learned a level 3 spell: Confusing Touch
  1344 | D:2      | Reached XP level 4. HP: 30/30 MP: 4/7
  2068 | D:3      | Identified the +5 ring mail of Distant Shores {rPois Regen+
                  | Dex-2}
  2118 | D:3      | HP: 1/30 [poisoned by an adder]
  2119 | D:3      | Succumbed to an adder's poison

Illustrated notes

Levels and vault maps discovered:
D:1:      lightli_arrival_statue_moat, layout_basic,
          hellmonk_ecumenical_altar_crossroads, corexii_hall_statues_l,
          minmay_misc_feat_more_columns
D:2:      layout_loops_ring, serial_forest, infiniplex_forest_corner_2,
          infiniplex_forest_straight_5, infiniplex_forest_lined_2,
          infiniplex_forest_lined_corner, infiniplex_forest_lined_3,
          infiniplex_forest_fountain, nicolae_concentric_dashed_squares_wild,
          uniq_jessica
D:3:      layout_basic

Skill      XL: |  1  2  3  4 |
---------------+-------------+-----
Stealth        | 5 |  5.6
Hexes          | 5 |  5.3
Short Blades   | 2 |  2.1
Dodging        | |  2.8
Spellcasting   | |  2.4

Action                   |  1- 3 |  4- 6 || total
-------------------------+-------+-------++-------
Melee: Dagger            |    83 |    50 ||   133
       Bite              |    15 |       ||    15
 Cast: Ensorcelled Hiber |     8 |     5 ||    13
  Use: Potion            |       |     2 ||     2
 Stab: Sleeping          |    13 |     6 ||    19
Armor: Robe              |    12 |    11 ||    23
Dodge: Dodged            |    46 |    26 ||    72
